[Event "3rd Perez Open 2024"]
[Site "Santa Fe"]
[Date "2024.02.24"]
[Round "5.1"]
[White "Flores, Diego"]
[Black "Villca, Julian"]
[Result "1-0"]
[ECO "D35"]
[WhiteElo "2526"]
[BlackElo "2411"]
[Annotator "TA"]
[PlyCount "55"]
[EventDate "2024.02.18"]
[EventType "swiss"]
[EventCountry "ARG"]
[SourceTitle "playchess.com"]
[Source "ChessBase"]
[SourceQuality "1"]
[TimeControl "5400+30"]

1. Nf3 d5 2. c4 e6 3. d4 Nf6 4. Bg5 Be7 5. Nc3 O-O 6. e3 a6 7. Qc2 h6 8. Bh4 Nbd7 9. cxd5 exd5 10. Bd3 c5 11. dxc5 Nxc5 12. O-O Be6 {[%emt 0:00:06] White is slightly better.} 13. Rad1 Rc8 14. Qb1 Qb6 15. Bc2 Ncd7 (15... Bd8 $14) 16. Bb3 $16 Qc5 17. Nd4 (17. Nxd5 {simplifies} Bxd5 18. Bxd5 Nxd5 19. Bxe7 Qxe7 20. Rxd5 Nf6 21. Rd2) 17... Rfd8 18. e4 {[%emt 0:00:00][%cal Be3e4,Be4e5][%mdl 32] Nxe6 would now be deadly. White is more active.} Nf8 19. Nxe6 Nxe6 (19... fxe6 $16 20. exd5 Nxd5 21. Rxd5 exd5 22. Bxe7 Qxe7) 20. e5 $18 (20. exd5 $6 Nd4 $16) (20. Bxd5 $6 b5 $16 (20... Nxd5 21. Rxd5 Rxd5 22. Bxe7 $16)) 20... Nh5 (20... Nd7 {was called for.}) 21. Bxe7 (21. Rxd5 Qb4 $18 (21... Rxd5 $2 22. Bxe7 Qxe7 23. Nxd5 $18)) 21... Qxe7 22. Nxd5 ({Weaker is} 22. Bxd5 Nhf4 $16) 22... Qg5 23. Qe4 {[%emt 0:00:00] Black must now prevent h4.} Nc5 $2 {[%emt 0:02:02] [#]} (23... Nhf4 24. Nxf4 Qxf4 25. Qxb7 Qxe5 26. Rxd8+ (26. Qxa6 Nd4 $16) 26... Rxd8 27. Qxa6 Qxb2) 24. h4 $1 Nxe4 25. hxg5 Re8 {[%emt 0:00:02] Prevents Ne7+} 26. g6 {[%emt 0:00:00] And now gxf7+ would win. White is clearly winning.} Rxe5 (26... Nc5 $142 27. Nf6+ gxf6) 27. Nb6 Nf4 28. Rfe1 {[%emt 0:00:00] Black got outplayed after the opening.   Weighted Error Value: White=0.12 (very precise) /Black=0.50.  Mistake:       	---       	Black=5      Inaccurate:     	White=1     	Black=1      OK:         	White=10    	Black=3} (28. Nxc8 $2 {gets mated.} Ne2+ 29. Kh2 Rh5#) 1-0

[Event "3rd Perez Open 2024"]
[Site "Santa Fe"]
[Date "2024.02.25"]
[Round "5.2"]
[White "Spata, German"]
[Black "Rodriguez Vila, Andres"]
[Result "1/2-1/2"]
[ECO "A89"]
[WhiteElo "2399"]
[BlackElo "2407"]
[Annotator "TA"]
[PlyCount "102"]
[EventDate "2024.02.18"]
[EventType "swiss"]
[EventCountry "ARG"]
[SourceTitle "playchess.com"]
[Source "ChessBase"]
[SourceQuality "1"]
[TimeControl "5400+30"]

1. d4 d6 2. Nf3 f5 3. g3 Nf6 4. Bg2 g6 5. c4 Bg7 6. O-O O-O 7. Nc3 Nc6 8. d5 Na5 9. Qa4 b6 10. Nd2 (10. Qc2 $14) 10... Bd7 (10... e5 $11) 11. Qc2 $14 c5 {[%emt 0:00:06] White is slightly better.} 12. b3 a6 13. Bb2 b5 14. e3 Rb8 15. Rab1 Qc7 16. Ne2 Rb7 17. h3 Rfb8 18. Bc3 Nh5 19. Bxg7 Nxg7 20. Nf4 bxc4 21. bxc4 Rb4 ({Better is} 21... Rxb1 $14 22. Rxb1 Rxb1+ 23. Qxb1 Nb7) 22. Nd3 ({White should try} 22. Rxb4 $16 Rxb4 23. Re1) 22... Ba4 23. Qc3 Rxb1 24. Rxb1 Rxb1+ 25. Nxb1 Qb6 26. Nd2 Ne8 27. Qb2 (27. g4 $14) 27... Qxb2 $11 28. Nxb2 Bc2 29. Bf1 Nf6 30. f3 Kf7 31. Kf2 e6 32. dxe6+ Kxe6 33. g4 Nd7 34. Be2 Nc6 35. a3 g5 36. f4 gxf4 37. exf4 Nd4 38. Nf3 Nf6 {[%emt 0:00:00] [#] aiming for ...Nxe2.} 39. Nxd4+ cxd4 {[%emt 0:00:00][%mdl 4096] Endgame. KBN-KBN} 40. g5 Ne4+ 41. Ke1 Nc5 42. Kd2 Bb1 43. h4 Kf7 44. h5 Ne4+ (44... Nb3+ $11 45. Kd1 Nc5) 45. Ke1 (45. Kc1 $14 Ba2 46. Bd3) 45... a5 46. Bd3 Ba2 {[%emt 0:00:00] [#]} (46... Bxd3 $11 47. Nxd3 Kg7) 47. Ke2 $2 (47. Bc2 $16) 47... Kg7 $2 (47... Bb3 $11) 48. Kf3 $2 (48. h6+ $18 Kg6 49. Na4) 48... Nd2+ 49. Ke2 $2 (49. Kg2 $11) 49... Ne4 $18 50. Kf3 $2 (50. h6+ $18 Kg6 51. Na4) 50... Nd2+ $11 51. Ke2 $2 (51. Kg2 $11) 51... Ne4 {[%emt 0:00:00] Weighted Error Value: White=0.34/Black=0.29 (precise) .  Loses game:     	---       	Black=1      Missed win:     	White=2     	---        Mistake:       	White=7     	Black=4      Inaccurate:     	White=2     	Black=3      OK:         	White=18    	Black=9      Best:        	---       	Black=5} 1/2-1/2

[Event "3rd Perez Open 2024"]
[Site "Santa Fe"]
[Date "2024.02.24"]
[Round "5.3"]
[White "Llanos, Guillermo"]
[Black "Felgaer, Ruben"]
[Result "1/2-1/2"]
[ECO "A37"]
[WhiteElo "2289"]
[BlackElo "2572"]
[Annotator "TA"]
[PlyCount "36"]
[EventDate "2024.02.18"]
[EventType "swiss"]
[EventCountry "ARG"]
[SourceTitle "playchess.com"]
[Source "ChessBase"]
[SourceQuality "1"]
[TimeControl "5400+30"]

1. c4 c5 2. Nf3 g6 3. Nc3 Bg7 4. g3 Nc6 5. Bg2 d6 6. O-O e5 7. a3 a5 8. d3 Nge7 9. Rb1 O-O 10. Bg5 f6 11. Bd2 Be6 12. Ne1 Rb8 13. Nc2 d5 14. cxd5 (14. Bxd5 {keeps more tension.} Nxd5 15. cxd5 Bxd5 16. Nxd5 Qxd5 17. b4) 14... Nxd5 15. Nxd5 Bxd5 {[%emt 0:00:04] The position is equal.} 16. Bxd5+ Qxd5 17. b4 axb4 18. axb4 cxb4 {[%emt 1:13:27] Not much happened in this game.   Weighted Error Value: White=0.01 (flawless) /Black=0.04 (flawless) .  Inaccurate:     	White=1     	---        OK:         	White=3     	Black=1} 1/2-1/2

[Event "3rd Perez Open 2024"]
[Site "Santa Fe"]
[Date "2024.02.25"]
[Round "5.4"]
[White "Carrizo, Luciano Ariel"]
[Black "Acosta, Pablo Ismael"]
[Result "1/2-1/2"]
[ECO "C07"]
[WhiteElo "2170"]
[BlackElo "2479"]
[Annotator "RC"]
[PlyCount "127"]
[EventDate "2024.02.18"]
[EventType "swiss"]
[EventCountry "ARG"]
[SourceTitle "playchess.com"]
[Source "ChessBase"]
[SourceQuality "1"]
[TimeControl "5400+30"]

1. e4 e6 2. d4 d5 3. Nd2 c5 4. exd5 Qxd5 5. Ngf3 cxd4 6. Bc4 Qd7 7. O-O a6 8. Nb3 b5 9. Bd3 Nc6 10. Nbxd4 Nxd4 11. Nxd4 Bb7 12. Re1 Nf6 13. c3 Rd8 14. Bc2 Qd5 15. f3 Bc5 16. Be3 O-O 17. Qe2 Qh5 18. Nf5 Bxe3+ 19. Nxe3 Qc5 20. Kh1 Nh5 21. Rad1 Nf4 22. Qf2 h6 23. Rd2 Rxd2 24. Qxd2 Qg5 25. Rd1 h5 26. Be4 Bxe4 27. fxe4 h4 28. h3 Nh5 29. Nf1 Qg6 30. Qe1 Qg5 31. Qd2 Qf6 32. Kg1 Rc8 33. Qd7 Rc4 34. Nd2 Rc5 35. Nf3 Kh7 36. e5 Qf4 37. Rd4 Qe3+ 38. Kh2 Rxe5 39. Nxe5 Qxe5+ 40. Kg1 Qe1+ 41. Kh2 Qg3+ 42. Kh1 Qe1+ 43. Kh2 Nf4 44. Rd2 e5 45. Qf5+ Kh6 46. Qc2 e4 47. Rd6+ g6 48. Rd1 Qg3+ 49. Kh1 e3 50. Rg1 f5 51. c4 e2 52. Qd2 Qf2 53. c5 Kh5 54. Qc3 Nxg2 55. Qh8+ Kg5 56. Qd8+ Kh5 57. Qh8+ Kg5 58. Qd8+ Kf4 59. Qd6+ Ke4 60. Qe6+ Kd4 61. Qd6+ Ke4 62. Qe6+ Kf4 63. Qd6+ Ke4 64. Qe6+ 1/2-1/2

[Event "3rd Perez Open 2024"]
[Site "Santa Fe"]
[Date "2024.02.25"]
[Round "5.5"]
[White "Acosta, Franco Emanuel"]
[Black "Perez, Maximiliano"]
[Result "1/2-1/2"]
[ECO "B07"]
[WhiteElo "2098"]
[BlackElo "2383"]
[Annotator "RC"]
[PlyCount "165"]
[EventDate "2024.02.18"]
[EventType "swiss"]
[EventCountry "ARG"]
[SourceTitle "playchess.com"]
[Source "ChessBase"]
[SourceQuality "1"]
[TimeControl "5400+30"]

1. e4 d6 2. d4 Nf6 3. Nc3 c6 4. f3 g6 5. Be3 b5 6. Qd2 Nbd7 7. g4 Nb6 8. g5 Nfd7 9. d5 c5 10. Bxb5 Bg7 11. f4 Rb8 12. Nf3 a6 13. Be2 Na8 14. Nd1 O-O 15. c4 f5 16. exf5 Rxf5 17. Bd3 Ndb6 18. h4 e5 19. Bxf5 Bxf5 20. Rc1 exf4 21. Bxf4 Qd7 22. b3 Be4 23. Kf2 Rf8 24. Nc3 Bxc3 25. Rxc3 Qg4 26. Rg1 Qxf4 27. Qxf4 Rxf4 28. Kg3 Rxf3+ 29. Rxf3 Bxf3 30. Kxf3 Nd7 31. Re1 Ne5+ 32. Rxe5 dxe5 33. Ke4 Kf7 34. Kxe5 Ke7 35. d6+ Kd7 36. Kd5 Nb6+ 37. Kxc5 Nc8 38. a3 a5 39. Kb5 Nxd6+ 40. Kxa5 Nf5 41. Kb6 Nxh4 42. Kb7 Nf3 43. c5 Nxg5 44. c6+ Ke7 45. c7 Nf7 46. c8=N+ Ke6 47. a4 h5 48. a5 h4 49. a6 h3 50. a7 h2 51. a8=Q h1=Q+ 52. Ka7 Qa1+ 53. Kb8 Qe5+ 54. Ka7 Qa5+ 55. Kb8 Qxa8+ 56. Kxa8 g5 57. Nb6 Ne5 58. Na4 g4 59. Nc3 Nc6 60. Ne2 Ke5 61. Ng3 Kf4 62. Nh5+ Kf3 63. Kb7 Na5+ 64. Kc7 Nxb3 65. Kd6 Nd4 66. Ke5 Ne2 67. Ng7 Ng3 68. Kd4 Ne4 69. Ke5 Ng5 70. Nh5 Ne4 71. Ng7 Nf2 72. Kd4 Kf4 73. Nh5+ Kg5 74. Ng3 Kh4 75. Nf5+ Kh3 76. Ke3 Nd1+ 77. Ke2 Nc3+ 78. Kd3 Nd5 79. Ke4 Ne7 80. Nxe7 g3 81. Nd5 g2 82. Nf4+ Kh2 83. Nxg2 1/2-1/2

[Event "3rd Perez Open 2024"]
[Site "Santa Fe"]
[Date "2024.02.25"]
[Round "5.6"]
[White "Alvarez, Leandro"]
[Black "Zapata Charles, Santiago"]
[Result "1-0"]
[ECO "D01"]
[WhiteElo "2103"]
[BlackElo "2300"]
[Annotator "TA"]
[PlyCount "125"]
[EventDate "2024.02.18"]
[EventType "swiss"]
[EventCountry "ARG"]
[SourceTitle "playchess.com"]
[Source "ChessBase"]
[SourceQuality "1"]
[TimeControl "5400+30"]

1. d4 d5 2. Nf3 Nf6 3. Bg5 c6 4. Nc3 Bf5 5. e3 Nbd7 6. Bd3 {[%emt 0:01:22] D01: Damenbauernspiele (Richter-Weressow).} Bxd3 7. Qxd3 e6 8. Ne5 Qa5 9. Bxf6 Nxf6 10. O-O Bd6 11. f4 Qc7 $146 ({Predecessor:} 11... O-O 12. Rf3 c5 13. Rh3 c4 14. Qe2 Qb6 15. Nd1 Rfd8 16. c3 Qc7 17. g4 Nd7 {½-½ Lacha,J (1861)-Vlckova,K (1885) Janske Lazne op 2013 (2)}) 12. Rf3 Nd7 13. e4 O-O 14. Nxd7 Qxd7 15. e5 Be7 16. Rh3 g6 17. Rf1 f5 18. exf6 Bxf6 19. Ne2 Qd6 20. c3 c5 21. dxc5 Qxc5+ 22. Qe3 Qd6 23. Nd4 Rae8 24. Nf3 Qa6 25. a3 Qb5 (25... Bd8 $15 26. Re1 Qb6) 26. Qd2 Qc4 27. Rd1 Qe4 28. Re1 Qf5 29. Rg3 {[%emt 0:00:32] [#]} (29. Ng5 $11 Bd8 30. Rh4 (30. Nxh7 $2 Qxf4 31. Qe2 Rf7 $19)) 29... Bg7 (29... Bd8 $1 $17 30. Nd4 Qxf4 31. Qxf4 Rxf4) 30. Ng5 Qxf4 31. Qxf4 Rxf4 32. Rxe6 Ref8 33. Rf3 d4 34. Rxf4 Rxf4 35. Re8+ Rf8 36. Rxf8+ Bxf8 37. cxd4 Bh6 38. h4 Bg7 $1 39. Nf3 Kf7 $1 40. Kf2 Ke6 41. Ke3 Kd5 42. a4 h5 43. Kd3 a6 44. a5 Bf6 45. b4 (45. b3 $14) 45... Bd8 $11 46. Ne5 Bxh4 47. Nxg6 Be1 (47... Bg5 $11 {bleibt in der Remisbreite.}) 48. Nf4+ $16 Kd6 {[%emt 0:00:03] [#]} (48... Kc6 $16 {kämpft weiter.}) 49. Kc4 $1 $18 (49. Nxh5 Bxb4 50. g4 Bxa5 $11) 49... h4 50. Nd3 Bg3 51. Nc5 Kc6 52. d5+ Kc7 53. Ne6+ $2 (53. b5 $18 axb5+ 54. Kxb5) 53... Kd6 $16 54. Nc5 $2 (54. Ng5 $16 {Weiss will mit Ne4+ Matt setzen.} Bh2 55. Ne4+ Kd7 56. Nc5+ Kc7 57. Ne6+ Kd7 58. Ng5) 54... Kc7 $18 55. Kd4 $2 (55. b5 $18 {ist der präzise Gewinnweg.} axb5+ 56. Kxb5) 55... b6 $2 (55... Be1 $16 {leistet mehr Widerstand.}) 56. Ne4 $2 (56. Nxa6+ $18 Kb7 57. b5 bxa5 58. Nc5+ Kb6 59. Kc4) 56... Be1 $2 (56... Bf4 $16 57. Kc3 Kb7) 57. b5 $18 bxa5 58. d6+ Kb6 59. d7 Kc7 60. bxa6 h3 61. a7 hxg2 62. d8=Q+ (62. a8=B g1=Q+ (62... g1=R $2 63. Kc4 $19) 63. Kd3 Qg8 $19 (63... Kxd7 $2 64. Bd5 $19)) 62... Kxd8 63. a8=Q+ (63. a8=B $2 {ist das falsche Schlagen.} g1=Q+ (63... g1=B+ 64. Kc4 $11) 64. Ke5 a4 $19) 1-0

[Event "3rd Perez Open 2024"]
[Site "Santa Fe"]
[Date "2024.02.25"]
[Round "6.1"]
[White "Spata, German"]
[Black "Flores, Diego"]
[Result "1/2-1/2"]
[ECO "E11"]
[WhiteElo "2399"]
[BlackElo "2526"]
[Annotator "ChessBase"]
[PlyCount "28"]
[EventDate "2024.02.18"]
[EventType "swiss"]
[EventCountry "ARG"]
[SourceTitle "playchess.com"]
[Source "ChessBase"]
[SourceQuality "1"]
[TimeControl "5400+30"]

1. d4 Nf6 2. c4 e6 3. Nf3 d5 4. g3 Bb4+ 5. Bd2 a5 6. Qc2 O-O 7. Bg2 c5 8. cxd5 cxd4 9. Nxd4 Qb6 10. e3 exd5 11. O-O Nc6 12. Bc3 Bxc3 13. Nxc3 Nxd4 14. exd4 Be6 1/2-1/2

[Event "3rd Perez Open 2024"]
[Site "Santa Fe"]
[Date "2024.02.25"]
[Round "6.2"]
[White "Rodriguez Vila, Andres"]
[Black "Asprelli, Gaspar"]
[Result "0-1"]
[ECO "C02"]
[WhiteElo "2407"]
[BlackElo "2226"]
[Annotator "RC"]
[PlyCount "148"]
[EventDate "2024.02.18"]
[EventType "swiss"]
[EventCountry "ARG"]
[SourceTitle "playchess.com"]
[Source "ChessBase"]
[SourceQuality "1"]
[TimeControl "5400+30"]

1. e4 c5 2. d4 cxd4 3. c3 e6 4. cxd4 d5 5. e5 Nc6 6. Nf3 Nge7 7. Nc3 Nf5 8. a3 Bd7 9. Be2 Rc8 10. O-O Be7 11. g4 Nh4 12. Nxh4 Bxh4 13. Be3 Be7 14. f4 f6 15. exf6 Bxf6 16. g5 Be7 17. Bd3 g6 18. h4 Bd6 19. h5 Ne7 20. Qf3 Qb6 21. Rf2 Kd8 22. Rc1 Rc7 23. Qh1 Rg8 24. hxg6 hxg6 25. Qh7 Kc8 26. Rfc2 Kb8 27. Na4 Bxa4 28. Rxc7 Bxc7 29. Qxe7 a6 30. b4 Bd6 31. Qxe6 Re8 32. Qh3 Bd7 33. Qg3 Ka7 34. Bb1 Bb8 35. Re1 Rh8 36. Qg2 Qd6 37. Ba2 Be6 38. Qc2 Bf5 39. Qc5+ Qxc5 40. dxc5 Be4 41. Re2 Rh4 42. c6+ Ka8 43. cxb7+ Kxb7 44. Rh2 Rg4+ 45. Kf2 Bxf4 46. Bxf4 Rxf4+ 47. Ke3 Rf3+ 48. Kd4 Rxa3 49. Bxd5+ Bxd5 50. Kxd5 Rg3 51. Rh8 Rxg5+ 52. Kc4 Rg1 53. Rg8 Rc1+ 54. Kd4 Rc6 55. Kd5 Rf6 56. Kc5 Kc7 57. Rg7+ Kd8 58. b5 axb5 59. Kxb5 Ke8 60. Kc5 Kf8 61. Ra7 Rf7 62. Ra8+ Kg7 63. Kd6 g5 64. Ke5 Kg6 65. Ke4 Kh5 66. Ke3 Kh4 67. Ke2 g4 68. Ra1 Kh3 69. Ra4 g3 70. Ra8 Kh2 71. Rg8 g2 72. Rh8+ Kg1 73. Rg8 Re7+ 74. Kf3 Kf1 0-1

[Event "3rd Perez Open 2024"]
[Site "Santa Fe"]
[Date "2024.02.25"]
[Round "6.3"]
[White "Villca, Julian"]
[Black "Alvarez, Leandro"]
[Result "1/2-1/2"]
[ECO "E61"]
[WhiteElo "2411"]
[BlackElo "2103"]
[Annotator "TA"]
[PlyCount "100"]
[EventDate "2024.02.18"]
[EventType "swiss"]
[EventCountry "ARG"]
[SourceTitle "playchess.com"]
[Source "ChessBase"]
[SourceQuality "1"]
[TimeControl "5400+30"]

1. c4 Nf6 2. g3 g6 3. Bg2 Bg7 4. Nc3 d6 5. d4 O-O 6. e3 Nbd7 7. Nge2 e5 8. O-O Re8 9. Qc2 Qe7 10. dxe5 dxe5 11. e4 c6 12. b3 Nf8 13. h3 h5 14. f4 exf4 15. gxf4 {[%emt 0:00:11] [#]} (15. Nxf4 $15 h4 16. g4) 15... Nxe4 $1 $17 16. Bxe4 Bxh3 17. Rf2 f5 18. Bg2 Bg4 19. Bd2 (19. Bb2 $17) 19... Bxe2 $2 (19... Ne6 $19 {Threatens to win with ...Nd4.} 20. Re1 Qf6) 20. Rxe2 $11 Bd4+ 21. Kf1 Qh4 22. Rae1 Ne6 $2 23. Nd1 $1 $18 (23. Rxe6 $2 Qf2#) 23... Kf7 {[%emt 0:01:02] [#]} 24. Qd3 $2 (24. c5 $1 $18 Rad8 25. Qc4) 24... Qh2 $40 {[%emt 0:01:45][%mdl 128] Black is up to no good.} 25. Qxd4 Nxd4 $17 26. Bd5+ cxd5 27. Rxh2 Nf3 $1 28. Rf2 Nxe1 29. Bxe1 dxc4 30. bxc4 Re4 (30... Rad8 $19 31. Nc3 Rd4) 31. Nb2 Rd8 32. Bd2 {[%emt 0:05:36] Prevents Re3} b6 33. Kg2 Rd7 34. Kf3 Kf6 35. Bc3+ Kf7 (35... Ke7 $17) 36. a4 $2 (36. Bd2 $1 $11 {and White is okay.}) 36... a5 37. Rc2 {[%emt 0:00:52][%cal Oc4c5] [#]} g5 38. fxg5 $11 {[%emt 0:00:21] The position is equal.} Kg6 39. Bd2 h4 40. Bf4 Rdd4 41. Be3 Rxe3+ 42. Kxe3 {[%emt 0:00:02][%mdl 4096] Endgame. KRN-KR} Re4+ 43. Kf3 Kxg5 44. Nd3 Rg4 45. Rg2 h3 ({But not} 45... b5 $2 46. axb5 (46. cxb5 Kf6 $18) 46... a4 47. b6 $18) 46. Rxg4+ fxg4+ 47. Kg3 Kf5 48. c5 bxc5 49. Nxc5 Ke5 50. Nb3 Ke6 {[%emt 0:02:54] White used his chance.   Weighted Error Value: White=0.31/Black=0.30.  Loses game:     	White=1     	Black=1      Missed win:     	White=1     	Black=1      Mistake:       	White=3     	Black=3      Inaccurate:     	White=3     	Black=2      OK:         	White=15    	Black=14     Best:        	White=3     	Black=3      Strong:       	White=1     	---        Brilliant:      	---       	Black=1} 1/2-1/2

[Event "3rd Perez Open 2024"]
[Site "Santa Fe"]
[Date "2024.02.25"]
[Round "6.4"]
[White "Llanos, Guillermo"]
[Black "Ibarra, Juan Martin"]
[Result "1-0"]
[ECO "D45"]
[WhiteElo "2289"]
[BlackElo "2281"]
[Annotator "TA"]
[PlyCount "141"]
[EventDate "2024.02.18"]
[EventType "swiss"]
[EventCountry "ARG"]
[SourceTitle "playchess.com"]
[Source "ChessBase"]
[SourceQuality "1"]
[TimeControl "5400+30"]

1. d4 d5 2. c4 c6 3. Nf3 Nf6 4. Nc3 e6 5. Qc2 Nbd7 6. e4 dxe4 7. Nxe4 Nxe4 8. Qxe4 Bb4+ 9. Bd2 Bxd2+ 10. Nxd2 O-O 11. Be2 e5 12. dxe5 Qa5 13. f4 {[%emt 0:11:42][%cal Bf2f4,Bf4f5,Bf5e6][%mdl 32] White has an edge.} f6 (13... Nc5 $11 14. Qe3 Rd8) 14. c5 $16 {[%emt 0:07:18] aiming for b4.} Nxc5 ({Better is} 14... fxe5 15. b4 Qc7) 15. Qc4+ $1 Ne6 ({Don't blunder} 15... Be6 $2 16. b4 $18) 16. f5 Rd8 {[%emt 0:00:17] [#]} 17. Rd1 Rd4 {[%emt 0:01:01] [#]} (17... b5 $16 18. Qb3 (18. Qxc6 Nd4 $15) 18... Rd5) 18. Qc3 $1 $18 Qxe5 ({But not} 18... Qxc3 19. bxc3 Rf4 20. fxe6 $18) 19. fxe6 c5 20. Nb3 Rxd1+ 21. Kxd1 Qxc3 22. bxc3 Bxe6 23. Nxc5 Bxa2 24. Kc2 {[%emt 0:00:17][%cal Oe2f3] Black must now prevent Bf3!} Bd5 25. Rg1 Re8 26. Bd3 Re5 27. g3 Rh5 28. h4 Re5 29. Kd2 b6 30. Na6 Bb7 31. Nb4 g5 32. hxg5 Rxg5 33. Bc4+ Kf8 34. Nd3 h5 (34... b5 $16 {might work better.}) 35. Nf4 {[%emt 0:00:08] Ne6+ would now be deadly.} Ke7 36. Be2 Ra5 37. Bxh5 Ra2+ 38. Ke3 Ra3 39. Rc1 b5 40. Kd4 Kd6 41. Rb1 Bc6 42. Be2 a6 43. Bd3 Ra4+ 44. Ke3 Ra3 45. Ne2 Ra2 46. Rf1 Ke7 47. Rf5 Rb2 48. Nd4 Bd7 49. Rf2 Rxf2 50. Kxf2 Kd6 51. Ke3 Kc5 (51... Ke5 $142 52. Kf3 Be8) 52. Nb3+ Kd5 53. Kd2 Bh3 54. Ke3 $2 (54. Kc2) 54... Bd7 $1 55. Bg6 (55. Kf4 $142) 55... Kc4 56. Nd2+ Kxc3 $2 (56... Kd5 57. Ne4 Ke5) 57. Ne4+ Kb2 58. Nxf6 Be6 {[%emt 0:00:05] And now ...a5 would win.} 59. Bd3 {[%emt 0:01:07] Threatens to win with Kd4.} b4 (59... Kb3 $18 60. Ne4 Kb4) 60. Bxa6 Kc1 61. Bd3 (61. Ne4 $142 Kc2 62. Kd4 Bd7 63. Bd3+ Kb2 64. Kc4 Ka3 65. Nd6 b3 66. Kc3) 61... b3 62. Ne4 b2 63. Nc3 Bg4 64. Be4 Be6 65. Ke2 Bb3 66. g4 Bc2 67. Ke3 Bb3 68. g5 Bf7 69. Ke2 Bc4+ 70. Ke1 b1=Q 71. Nxb1 {[%emt 0:00:07] Weighted Error Value: White=0.22 (precise) /Black=0.40.  Mistake:       	White=2     	Black=7      Inaccurate:     	White=1     	Black=1      OK:         	White=25    	Black=15     Best:        	White=3     	Black=2      Strong:       	White=2     	Black=1} 1-0

[Event "3rd Perez Open 2024"]
[Site "Santa Fe"]
[Date "2024.02.25"]
[Round "6.5"]
[White "Mavrich, Demian"]
[Black "Villareal, Agustin"]
[Result "0-1"]
[ECO "C45"]
[WhiteElo "2251"]
[BlackElo "1674"]
[Annotator "TA"]
[PlyCount "70"]
[EventDate "2024.02.18"]
[EventType "swiss"]
[EventCountry "ARG"]
[SourceTitle "playchess.com"]
[Source "ChessBase"]
[SourceQuality "1"]
[TimeControl "5400+30"]

1. e4 e5 2. Nf3 Nc6 3. d4 exd4 4. Nxd4 Nf6 5. Nxc6 bxc6 6. e5 Qe7 7. Qe2 Nd5 8. h4 a5 9. c4 Ba6 10. Qe4 Nb4 (10... Nb6 $15 {deserves consideration.}) 11. Na3 (11. Nc3 $11 Qe6 12. Rb1) 11... f6 12. Bf4 fxe5 13. Bg5 {[%emt 0:06:20] [#]} (13. Bg3 $17 {might work better.}) 13... Qe6 $1 $19 14. g3 (14. Nb5 {keeps fighting.} Bxb5 15. cxb5) 14... d5 15. Bh3 $2 (15. Qe3) 15... dxe4 16. Bxe6 Nd3+ 17. Kd2 Nxb2 (17... Nxf2 18. Rhf1 Bb4+ 19. Kc2) 18. Nc2 h6 ({Don't take} 18... Bxc4 19. Bxc4 Nxc4+ 20. Ke2 $19) (18... Nxc4+ 19. Kc3 Nb6 20. Rad1) 19. Rab1 Nxc4+ ({Don't play} 19... Bxc4 20. Bg4 $19) 20. Kc3 Nb6 21. Be3 Na4+ 22. Kd2 Rd8+ 23. Kc1 Nc5 {[%emt 0:01:17] Inhibits Rb3.} 24. Bf5 Nd3+ 25. Kd2 Kf7 {[%emt 0:00:52] Wards off Bg6+} 26. Kc3 Nc5 27. h5 (27. Bxc5 {is a better defense.} Rd3+ (27... Bxc5 $2 28. Bxe4 Rhf8 29. f3 $19) 28. Kb2 Bxc5 29. Bxe4 Rb8+ 30. Ka1 Rxb1+ 31. Kxb1) 27... Bd3 28. Rbc1 Na4+ 29. Kb3 (29. Kd2 $142) 29... Rb8+ 30. Kxa4 Rb2 {[%emt 0:00:02][%csl LRa2,LRc2] ( -> ...Bb5+)} 31. Na3 Rb4+ 32. Kxa5 Bd6 {[%emt 0:00:02] Black mates.} 33. Bg6+ Kf6 34. Bc5 {[%emt 0:01:08] [#]} Rb6 $1 35. Be3 (35. Nb5 Rxb5+) 35... Ra8# {[%emt 0:16:58] Weighted Error Value: White=0.83/Black=0.36.  Mistake:       	White=6     	Black=1      Inaccurate:     	White=1     	---        OK:         	White=5     	Black=10     Best:        	White=4     	Black=2      Strong:       	---       	Black=1} 0-1

[Event "3rd Perez Open 2024"]
[Site "Santa Fe"]
[Date "2024.02.25"]
[Round "6.6"]
[White "Acosta, Pablo Ismael"]
[Black "Amura, Claudia"]
[Result "1/2-1/2"]
[ECO "D60"]
[WhiteElo "2479"]
[BlackElo "2196"]
[Annotator "TA"]
[PlyCount "54"]
[EventDate "2024.02.18"]
[EventType "swiss"]
[EventCountry "ARG"]
[SourceTitle "playchess.com"]
[Source "ChessBase"]
[SourceQuality "1"]
[TimeControl "5400+30"]

1. d4 d5 2. c4 e6 3. Nc3 Be7 4. Nf3 Nf6 5. Bg5 Nbd7 6. e3 O-O 7. cxd5 Nxd5 8. Bxe7 Qxe7 9. Rc1 c6 10. Bc4 Nxc3 11. Rxc3 {[%emt 0:00:16] The position is equal.} e5 12. O-O exd4 13. Qxd4 Nb6 14. Bb3 Be6 15. Qe4 Rfe8 16. Bxe6 Qxe6 17. Qxe6 Rxe6 18. Rd1 Kf8 19. h4 h5 20. Kf1 g6 21. Ke2 Ke7 22. Nd4 Rd6 23. Nb3 Na4 24. Rc2 Rad8 25. Rxd6 Kxd6 26. Na5 Kc7 27. b3 Nb6 $1 {[%emt 0:00:07] A rather calm draw.   Weighted Error Value: White=0.04 (flawless) /Black=0.05 (flawless) .  OK:         	White=6     	Black=4      Strong:       	---       	Black=1} 1/2-1/2

[Event "3rd Perez Open 2024"]
[Site "Santa Fe"]
[Date "2024.02.25"]
[Round "7.1"]
[White "Flores, Diego"]
[Black "Llanos, Guillermo"]
[Result "1/2-1/2"]
[ECO "A28"]
[WhiteElo "2526"]
[BlackElo "2289"]
[Annotator "TA"]
[PlyCount "24"]
[EventDate "2024.02.18"]
[EventType "swiss"]
[EventCountry "ARG"]
[SourceTitle "playchess.com"]
[Source "ChessBase"]
[SourceQuality "1"]
[TimeControl "5400+30"]

1. c4 e5 2. Nc3 Nf6 3. Nf3 Nc6 4. e3 Bb4 5. Nd5 Be7 6. a3 e4 7. Ng1 Nxd5 8. cxd5 {[%emt 0:00:06] White has an edge.} Ne5 9. d4 exd3 {[%emt 0:08:25] The position is equal.} 10. Nf3 d6 11. Bxd3 Nxd3+ 12. Qxd3 Bf6 {[%emt 0:00:22] Weighted Error Value: White=0.02 (flawless) /Black=0.09 (flawless) .  OK:         	White=2     	Black=2      Best:        	---       	Black=1} 1/2-1/2